 Dungeon Crawl Stone Soup version 0.32-a0-17-gb74e046682 (webtiles) character file.

Game seed: 2108474852101849788

371 bobarctor the Grave Robber (level 6, -3/41 HPs)
             Began as a Demonspawn Necromancer on Jan 16, 2024.
             Was an Initiate of Okawaru.
             Splashed by a jelly's acid (4 damage)
             ... on level 4 of the Dungeon.
             The game lasted 00:18:47 (4974 turns).

bobarctor the Grave Robber (Demonspawn Necromancer) Turns: 4974, Time: 00:18:48

Health: -3/41      AC:  0    Str:  8    XL:     6   Next: 42%
Magic:  12/12      EV: 12    Int: 18    God:    Okawaru [......]
Gold:   104        SH:  0    Dex: 13    Spells: 6/13 levels left

rFire   . . .        r - +1 dagger (venom)
rCold   . . .        (no shield)
rNeg    . . .        a - +0 robe
rPois   .            (no helmet)
rElec   .            (no cloak)
rCorr   .            (no gloves)
SInv    .            f - +2 pair of boots
Will    .....        (no amulet)
Stlth   ++           (no ring)
HPRegen 0.26/turn    (no ring)
MPRegen 0.13/turn

%: no passive effects
@: corroded
A: claws 1, molten scales 2
a: Renounce Religion


You were on level 4 of the Dungeon.
You worshipped Okawaru.
Okawaru was noncommittal.
You visited 2 branches of the dungeon, and saw 6 of its levels.

You collected 104 gold pieces.

Inventory:

Hand Weapons
 r - a +1 dagger of venom (weapon)
 s - a +3 sling
Missiles
 c - a throwing net
 o - 6 poisoned darts
Armour
 a - a +0 robe (worn)
 f - a +2 pair of boots (worn)
Scrolls
 h - a scroll of amnesia {unknown}
 t - a scroll of enchant armour
 u - 4 scrolls of noise
Potions
 b - 2 potions of magic
 d - a potion of might {unknown}
 e - a potion of invisibility {unknown}
 i - 2 potions of brilliance
 j - 2 potions of lignification {unknown}
 k - a potion of heal wounds {unknown}
 m - a potion of mutation {unknown}
 n - 2 potions of haste {unknown}
 p - a potion of enlightenment {unknown}


   Skills:
 + Level 3.0 Dodging
 + Level 3.2 Stealth
 * Level 4.1 Spellcasting
 + Level 5.3 Necromancy
 + Level 1.1 Translocations
 + Level 1.1 Invocations


You had 6 spell levels left.
You knew the following spells:

 Your Spells              Type           Power      Damage    Failure   Level
a - Necrotise             Necr           92%        1d8       1%          1
b - Vampiric Draining     Necr           23%        2d7       4%          3
c - Teleport Other        Tloc           7%         N/A       26%         3

Your spell library contained the following spells:

 Spells                   Type           Power      Damage    Failure   Level
 Gell's Gravitas          Tloc           7%         N/A       26%         3
 Curse of Agony           Necr           23%        N/A       41%         5
 Dispersal                Tloc           3%         N/A       100%        6
 Animate Dead             Necr           Unusable   N/A       N/A         4

Dungeon Overview and Level Annotations

Branches:
Dungeon (5/15)             Temple (1/1) D:4

Altars:
Ashenzari
Cheibriados
Dithmenos
Fedhas
Gozag
Hepliaklqana
Kikubaaqudgha
Nemelex Xobeh
Okawaru
Qazlal
Sif Muna
Uskayaw
Vehumet
Wu Jian
Xom


Innate Abilities, Weirdness & Mutations

You have sharp fingernails.
You are mostly covered in molten scales. (AC +3)


Message History

You hit the endoplasm.
The endoplasm is heavily wounded.
The endoplasm hits you but does no damage.
You hit the endoplasm.
You kill the endoplasm!
Okawaru accepts your kill.
There is an open door here.
You hit the jelly.
The jelly is poisoned.
Your claws burn!
The jelly is lightly wounded.
The jelly barely misses you.
You hit the jelly but do no damage. The acid corrodes you!
Your claws burn!
The jelly is lightly wounded.
The jelly hits you but does no damage.
You hit the jelly but do no damage.
Your claws burn!
The jelly is lightly wounded.
The jelly hits you but does no damage.
You hit the jelly.
The jelly looks as sick as possible!
Your claws burn!
The jelly is moderately wounded.
The jelly hits you.
You are splashed with acid.
You hit the jelly but do no damage.
Your claws burn!
The jelly is heavily wounded.
The jelly barely misses you.
You hit the jelly but do no damage.
Your claws burn!
The jelly is heavily wounded.
The jelly hits you but does no damage.
You hit the jelly.
Your claws burn!
The jelly is heavily wounded.
The jelly hits you but does no damage.
You hit the jelly.
Your claws burn!
* * * LOW HITPOINT WARNING * * *
The jelly is severely wounded.
The jelly closely misses you.
You barely miss the jelly.
The jelly is almost dead.
The jelly hits you.
* * * LOW HITPOINT WARNING * * *
The acid corrodes you!
You are splashed with acid!
* * * LOW HITPOINT WARNING * * *
You hit the jelly but do no damage.
Your claws burn!
You die...

..............###
.#.....#.#.......)
.......#.##...####
.........#.....#
.#######.##...##
#......# #####.## #.#
#.# #.# ##@# #.# ##.J.#
#.# .#.....## ###.#
........## ##.#.#
#.........####....####
........)<.'...........
............####....####
.###.......###..[.#.#
##.....## #.#....#


You could see a jelly (very poisoned).

Vanquished Creatures
  A bombardier beetle (D:4)
  An orc priest (D:3)
  A gnoll bouda (D:3)
  Ijyb (D:3)
  An iguana (D:4)
  Natasha (D:2)
  An orc wizard (D:4)
  5 adders
  4 gnolls (D:4)
  A ribbon worm (D:4)
  4 dart slugs
  4 orcs (D:3)
  8 ball pythons
  6 endoplasms
  5 giant cockroaches
  8 goblins
  4 hobgoblins
  5 jackals (D:1)
  3 quokkas
  5 bats
  2 frilled lizards
  6 kobolds
  A rat (D:1)
  A spectral goblin (D:3)
79 creatures vanquished.

Vanquished Creatures (collateral kills)
  A quokka (D:3)
  A frilled lizard (D:1)
  A rat (D:1)
3 creatures vanquished.

Grand Total: 82 creatures vanquished

Notes
Turn   | Place    | Note
-------+----------+-------------------------------------------
     0 | D:1      | bobarctor the Demonspawn Necromancer began the quest for
                  | the Orb.
     0 | D:1      | Reached XP level 1. HP: 13/13 MP: 3/3
   271 | D:1      | Gained mutation: You are partially covered in molten
                  | scales. (AC +2) [demonic ancestry]
   271 | D:1      | Reached XP level 2. HP: 19/19 MP: 0/5
  1247 | D:1      | Reached XP level 3. HP: 24/24 MP: 1/6
  1469 | D:2      | Learned a level 3 spell: Vampiric Draining
  1845 | D:2      | Noticed Natasha
  1881 | D:3      | Noticed Ijyb
  1951 | D:3      | Killed Ijyb
  1952 | D:3      | Reached XP level 4. HP: 25/30 MP: 3/8
  2542 | D:3      | Reached skill level 5 in Necromancy
  3211 | D:3      | Found a hazy altar of Hepliaklqana.
  3360 | D:2      | Gained mutation: You are mostly covered in molten scales.
                  | (AC +3) [demonic ancestry]
  3360 | D:2      | Reached XP level 5. HP: 35/35 MP: 10/10
  3452 | D:2      | Learned a level 3 spell: Teleport Other
  3673 | D:2      | Killed Natasha
  4429 | D:5      | Entered Level 5 of the Dungeon
  4494 | D:4      | Found a staircase to the Ecumenical Temple.
  4509 | Temple   | Entered the Ecumenical Temple
  4515 | Temple   | Became a worshipper of Warmaster Okawaru
  4576 | D:4      | Gained mutation: You have sharp fingernails. [demonic
                  | ancestry]
  4576 | D:4      | Reached XP level 6. HP: 40/41 MP: 11/11
  4678 | D:4      | Reached skill level 1 in Translocations
  4917 | D:4      | Reached skill level 1 in Invocations
  4973 | D:4      | HP: 1/41 [acid (10)]
  4974 | D:4      | Splashed by a jelly's acid

Illustrated notes

Levels and vault maps discovered:
D:1:      dpeg_arrival_tiny_f, layout_basic, minmay_strange_pillars
D:2:      layout_basic, uniq_natasha
D:3:      layout_basic, nicolae_hepliaklqana_monster_ancestors,
          minmay_distorted, uniq_ijyb
D:4:      layout_loops_corners, minmay_temple_entry_overgrown,
          cheibrodos_sewer_entry_bend, st_stairs_5
D:5:      layout_basic, serial_library_hellmonk_reading_circle
Temple:   kb_temple_of_zot

Skill      XL: |  1  2  3  4  5  6 |
---------------+-------------------+-----
Stealth        | 2 3 |  3.2
Dodging        | 2 3 |  3.0
Spellcasting   | 3 4 |  4.1
Necromancy     | 5 |  5.3
Translocations | 1 |  1.1
Invocations    | 1 |  1.1

Action                     |  1- 3 |  4- 6 || total
---------------------------+-------+-------++-------
  Melee: Dagger            |    13 |   134 ||   147
         Punch             |     1 |     1 ||     2
   Cast: Necrotise         |    73 |    36 ||   109
         Vampiric Draining |       |     1 ||     1
    Use: Scroll            |       |     5 ||     5
   Stab: Sleeping          |       |     3 ||     3
         Distracted        |       |     1 ||     1
 Armour: Robe              |    23 |    69 ||    92
  Dodge: Dodged            |    20 |    66 ||    86

Table legend: (Time is in decaauts)
 A = Elapsed time spent in this place.
 B = Non-inter-level travel time spent in this place.
 C = Inter-level travel time spent in this place.
 D = Time resting spent in this place.
 E = Time spent auto-exploring this place.
 F = Levels seen in this place.
 G = Mean time per level.
                   A        B        C        D        E       F      G
               +--------+--------+--------+--------+--------+-----+--------+
         Total |   4974 |   4536 |    438 |    741 |   2911 |   6 |  829.0 |
       Dungeon |   4955 |   4517 |    438 |    741 |   2911 |   5 |  991.0 |
        Temple |     18 |     18 |      0 |      0 |      0 |   1 |   18.0 |
               +--------+--------+--------+--------+--------+-----+--------+

Top non-repeatable levels by time:
     D:3: 1475 daAuts
     D:1: 1447 daAuts
     D:2: 1274 daAuts
     D:4: 756 daAuts
  Temple: 18 daAuts
     D:5: 1 daAuts
